 Dungeon Crawl Stone Soup version 0.20.0-15-g7f486f2 (webtiles) character file.

363378 Ijustatesigmund the Slayer (level 22, -9/163 HPs)
             Began as a Gargoyle Berserker on June 8, 2017.
             Was a High Priest of Trog.
             Mangled by an ancient champion
             ... wielding a +3 battleaxe
              (23 damage)
             ... on level 2 of the Tomb of the Ancients on June 9, 2017.
             The game lasted 03:38:18 (50469 turns).

Ijustatesigmund the Slayer (Gargoyle Berserker)    Turns: 50469, Time: 03:38:18

Health: -9/163     AC: 54    Str: 22      XL:     22   Next: 49%
Magic:  28/28      EV: 12    Int:  4 (9)  God:    Trog [*****.]
Gold:   2178       SH:  0    Dex: 10 (16) Spells: 21/21 levels left

rFire    + . .     SeeInvis .   Z - +3 morningstar (holy)
rCold    . . .     Gourm    .   v - +2 shield {reflect}
rNeg     + + +     Faith    .   h - +6 chain mail {rF+}
rPois    ∞         Spirit   .   Y - +2 hat of Feyptik {rN+ Int-5 Dex+2}
rElec    +         Reflect  +   t - +2 cloak
rCorr    .         Harm     .   X - +1 pair of gloves of Insurance {Int+4}
MR       +++..                  O - +2 pair of boots {Stlth+}
Stlth    ..........             Q - +5 amulet of reflection
Regen    1.4/turn               o - +4 ring of protection
MPRegen  0.3/turn               k - ring of positive energy

@: confused, berserk cooldown, regenerating, slowed, very slow
A: big wings, clumsy 1, negative energy resistance 1, shaggy fur 1, electricity
resistance, unbreathing, petrification resistance, rot immunity, AC +16
}: 2/15 runes: barnacled, gossamer
a: Fly, Berserk, Trog's Hand, Brothers in Arms, Burn Spellbooks, Renounce
Religion


You were on level 2 of the Tomb of the Ancients.
You worshipped Trog.
Trog was extremely pleased with you.
You were not hungry.

You visited 8 branches of the dungeon, and saw 38 of its levels.
You visited the Abyss 2 times.
You visited 1 bazaar.

You collected 3873 gold pieces.
You spent 1695 gold pieces at shops.

Inventory:

Hand Weapons
 i - a +3 eveningstar of protection
 Z - a +3 morningstar of holy wrath (weapon)
Missiles
 m - 30 javelins (quivered)
 n - 20 silver javelins
 z - 7 throwing nets
Armour
 h - a +6 chain mail of fire resistance (worn)
 t - a +2 cloak (worn)
 v - a +2 shield of reflection (worn)
 w - the +1 helmet "Papydgh" {rF+++ Dex-4 Slay-3 SInv}
   (You acquired it on level 5 of the Lair of Beasts)

   It affects your dexterity (-4).
   It affects your accuracy and damage with ranged weapons and melee attacks
   (-3).
   It renders you almost immune to fire.
   It lets you see invisible.
 y - the +0 storm dragon scales of Paazofue {+Blink rElec rC+ Int+2}
   (You found it on level 3 of the Crypt)

   It affects your intelligence (+2).
   It protects you from cold.
   It insulates you from electricity.
   It lets you blink.
 O - a +2 pair of boots of stealth (worn)
 X - the +1 pair of gloves of Insurance (worn) {Int+4}
   (You found it on level 6 of the Lair of Beasts)

   It affects your intelligence (+4).
 Y - the +2 hat of Feyptik (worn) {rN+ Int-5 Dex+2}
   (You found it on level 14 of the Dungeon)

   It affects your intelligence (-5).
   It affects your dexterity (+2).
   It protects you from negative energy.
Jewellery
 k - a ring of positive energy (right hand)
 o - a +4 ring of protection (left hand)
 r - an uncursed amulet of guardian spirit
 s - an uncursed ring of protection from cold
 u - an uncursed ring of protection from fire
 I - a +3 ring of evasion
 L - an uncursed ring of protection from fire
 Q - a +5 amulet of reflection (around neck)
Wands
 j - a wand of acid (3/15)
 x - a wand of lightning (3/15)
 A - a wand of iceblast (7/15)
 C - a wand of clouds (3/9)
 G - a wand of scattershot (0/9)
 M - a wand of enslavement (8/24)
 V - a wand of digging (12/24)
Scrolls
 g - a scroll of silence
 q - a scroll of immolation
 B - a scroll of teleportation
 H - 5 scrolls of recharging
 J - 6 scrolls of identify
 N - 2 scrolls of fear
 R - 4 scrolls of magic mapping
 S - 7 scrolls of remove curse
Potions
 a - 5 potions of might
 f - 7 potions of berserk rage
 l - 2 potions of agility
 p - 5 potions of ambrosia
 D - 2 potions of invisibility
 E - a potion of resistance
 K - 4 potions of brilliance
Books
 P - a Young Poisoner's Handbook

   Spells                             Type                      Level
   a - Sting                          Conjuration/Poison           1
   b - Poisonous Vapours              Poison/Air                   2
   c - Mephitic Cloud                 Conjuration/Poison/Air       3
   d - Olgreb's Toxic Radiance        Poison                       4
   e - Venom Bolt                     Conjuration/Poison           5
   Trog disapproves of the use of such an item.
 U - a book of Transfigurations

   Spells                             Type                      Level
   a - Irradiate                      Conjuration/Transmutation    5
   b - Statue Form                    Transmutation/Earth          6
   c - Hydra Form                     Transmutation                6
   d - Dragon Form                    Transmutation                7
   Trog disapproves of the use of such an item.
Miscellaneous
 F - a lamp of fire
 T - a phantom mirror
Comestibles
 c - 13 bread rations
 d - 14 meat rations


   Skills:
 + Level 24.8 Fighting
 + Level 19.6 Maces & Flails
 - Level 3.5 Throwing
 - Level 17.5 Armour
 - Level 9.4 Dodging
 - Level 14.3 Shields
 - Level 8.0 Evocations


You had 21 spell levels left.
You didn't know any spells.

Dungeon Overview and Level Annotations

Branches:
Dungeon (15/15)            Temple (0/1) D:7            Lair (6/6) D:9
 Shoals (4/4) Lair:2       Spider (4/4) Lair:2        Slime (0/5) Lair:5
    Orc (2/2) D:12            Elf (0/3) Orc:2        Vaults (2/5) D:14
  Crypt (3/3) Vaults:2       Tomb (2/3) Crypt:3      Depths (0/5) D:15

Altars:
Cheibriados
Elyvilon
Gozag
Kikubaaqudgha
Okawaru
Ru
Vehumet
Xom
Yredelemnul
Zin
The Shining One
Beogh
Jiyva

Shops:
D:9 %   Orc:2 %:!?   Shoals:2 (   Shoals:3 (   Vaults:2 (

Annotations:
D:13 2 runed doors, Frances
Lair:3 Rupert
Tomb:2 Mennas


Innate Abilities, Weirdness & Mutations

You are resistant to torment.
Your stone body is resilient. (AC +16)
You are immune to poison.
Your large and strong wings let you fly indefinitely.
You resist negative energy. (rN+)
You are resistant to electric shocks. (rElec)
You can survive without breathing.
You are immune to petrification.
You are immune to rotting.
You are clumsy. (Dex -2)
You are covered in fur. (AC +1)


Message History

The ancient champion closely misses you.
You block the guardian mummy's attack.
A bolt hits the spectral dire elephant!
You are confused.
You feel invigorated.
The ancient champion hits you with an enchanted battleaxe.
* * * LOW HITPOINT WARNING * * *
Your ogre hits the guardian mummy with a giant club!
The guardian mummy hits you but does no damage.
The ancient champion closely misses you.
The revenant hits you!
* * * LOW HITPOINT WARNING * * *
The guardian mummy closely misses you.
Your ogre barely misses the guardian mummy.
You're too confused to attack without stumbling around!
The spectral dire elephant fades away!
The ancient champion hits you but does no damage.
The wraith hits you but does no damage. The revenant barely misses you.
Your ogre closely misses the guardian mummy.
The ancient champion hits you with an enchanted battleaxe!!
You die...

*****##################*********
*,,,,#^.....#..........*,,,,,,,,
*,,,,#.....^#.....^....*,,,,,,,,
*,,,,#..§§.4Z).........+,,,,,,,,
*,,,,#.§§§§§#.LWO......*,,,,,,,,
*,,^.4...§§§#Zz@M.<..).*,,,,,,,,
***#M##################*********
*,,^,*,,,,,,,,,,,,,,,,,,,,,,,,,,
*,,,,*,,,,,,.........##,...,,,,,
*,,,,*,,,,**<...?.....##....,**,
*,,,,*,,,,**,..!............,**,
*,,,,*,,,,,,,,..................
*,,,,*,,,,,,,,*#.........##.....
*,,,,*,,,,,,.s##.........##.....


You could see a revenant, an ancient champion, an orange demon, a guardian
mummy, a spectral dire elephant, a spectral human, a wraith and a friendly ogre
(berserk).

Vanquished Creatures
  3 greater mummies
  Saint Roka (Orc:2)
  Arachne (Spider:4)
  4 bone dragons
  3 liches
  14 ancient champions
  A kraken (Shoals:1)
  2 tentacled starspawn (Abyss:2)
  Polyphemus (Shoals:4)
  3 sphinxes
  Donald (Shoals:3)
  Ilsuiw (Shoals:4)
  Kirke (Shoals:3)
  A tengu reaver (D:13)
  4 revenants
  Roxanne (Shoals:2)
  3 vault wardens (Vaults:1)
  5 ghost moths
  Aizul (Spider:4)
  Louise (Shoals:2)
  9 emperor scorpions
  A juggernaut zombie (Crypt:2)
  5 curse skulls
  3 ironheart preservers (Vaults:1)
  10 ghouls
  2 stone giants
  A caustic shrike skeleton (Crypt:3)
  A very ugly thing (D:13)
  4 entropy weavers
  An ophan (Abyss:3)
  5 vampire knights
  3 bennus
  2 spark wasps (Spider:3)
  4 merfolk javelineers
  10 eidola
  4 deep elf death magi
  7 mummy priests
  An ettin (D:15)
  5 jiangshi (Crypt:3)
  3 fire dragons
  11 merfolk impalers
  3 great orbs of eyes
  A quicksilver dragon skeleton (Tomb:1)
  6 hydras
  7 vault guards
  2 yaktaur captains (Vaults:1)
  A catoblepas (Shoals:4)
  2 alligator snapping turtles (Shoals:4)
  2 centaur warriors
  9 merfolk aquamancers
  3 death knights
  2 tengu warriors (D:15)
  16 two-headed ogres
  A death yak (shapeshifter) (D:13)
  An anaconda (Lair:6)
  A merfolk avatar (Shoals:1)
  4 vampire magi
  3 satyrs
  3 ogre magi
  2 death yaks (Shoals:4)
  The ghost of Dominolapin the Blocker, a novice BaAr of Uskayaw (D:9)
  An orc high priest (Orc:2)
  4 thrashing horrors
  A soul eater (Crypt:2)
  A titan skeleton (Tomb:1)
  3 shadow wraiths
  The ghost of skittles the Arsonist, a novice DrFE of Vehumet (D:8)
  3 flayed ghosts
  A ghost moth zombie (Crypt:2)
  18 skeletal warriors
  An anaconda zombie (Crypt:3)
  A sixfirhy (Abyss:2)
  2 wizards
  13 sea snakes
  A deep elf archer (Vaults:1)
  2 unseen horrors (Vaults:1)
  A shadow dragon zombie (Tomb:1)
  9 ironbrand convokers
  A kraken simulacrum (Shoals:4)
  3 necromancers
  9 orc knights
  A harpy (shapeshifter) (D:13)
  9 phantasmal warriors
  A fire giant zombie (Crypt:3)
  A sphinx zombie (Crypt:1)
  An anaconda skeleton (Crypt:2)
  3 orc sorcerers
  31 wolf spiders
  10 harpies
  5 deep elf magi
  A statue (Abyss:3)
  A worldbinder (Abyss:2)
  5 cyclopes
  A sphinx skeleton (Vaults:1)
  20 manticores
  26 ugly things
  15 orb spiders
  4 moths of wrath
  A centaur zombie (D:11)
  13 merfolk sirens
  A frost giant skeleton (Crypt:3)
  22 fauns
  A titan simulacrum (Crypt:1)
  2 apocalypse crabs (Abyss:3)
  3 vault sentinels
  7 water nymphs
  An eye of devastation (shapeshifter) (Vaults:1)
  Maurice (D:8)
  3 smoke demons
  A storm dragon simulacrum (Abyss:3)
  3 gargoyles
  4 elephants (Lair:6)
  10 spiny frogs
  2 kobold demonologists
  2 orange demons
  A komodo dragon (shapeshifter) (Vaults:1)
  2 rime drakes
  A sea snake zombie (Crypt:1)
  An efreet (D:13)
  11 yaktaurs
  10 demonic crawlers
  26 guardian mummies
  4 freezing wraiths
  8 komodo dragons
  A green draconian skeleton (Crypt:3)
  A red devil (D:13)
  A tengu conjurer (D:15)
  An ancient zyme (Abyss:2)
  A yaktaur skeleton (Vaults:1)
  35 jumping spiders
  A hydra zombie (Crypt:2)
  3 meliai (Spider:2)
  Grinder (D:3)
  33 merfolk
  A polar bear (shapeshifter) (Vaults:1)
  5 wind drakes
  6 trolls
  2 meliai zombies
  A queen bee (shapeshifter) (Abyss:3)
  A hydra skeleton (Crypt:1)
  5 hornets
  8 raiju
  5 dream sheep (Shoals:3)
  18 blink frogs
  6 slime creatures
  15 snapping turtles
  2 bog bodies (Crypt:3)
  An ice dragon zombie (Tomb:1)
  12 hippogriffs
  2 ettin zombies
  5 shadows
  A spriggan (D:7)
  39 tarantellas
  An alligator skeleton (Crypt:3)
  81 redbacks
  A fire dragon skeleton (Abyss:2)
  A stone giant simulacrum (Vaults:1)
  3 vampires
  3 flying skulls (Tomb:1)
  A ynoxinul (Abyss:2)
  12 water elementals
  5 ushabtiu (Tomb:1)
  8 starcursed masses (Abyss:3)
  5 wyverns
  6 wraiths
  44 yaks
  5 hogs (Shoals:2)
  3 hungry ghosts
  2 basilisks
  Eustachio (D:4)
  8 vampire mosquitoes
  An insubstantial wisp (Abyss:2)
  8 swamp worms (Spider:1)
  A spiny frog zombie (Crypt:2)
  6 wargs
  4 large abominations
  A gelid demonspawn zombie (Crypt:1)
  Duvessa (D:6)
  10 water moccasins
  An acid dragon (D:13)
  A spiny frog skeleton (Abyss:3)
  2 small abominations (Abyss:3)
  23 porcupines
  3 ice beasts
  2 eyes of draining
  53 orc warriors
  9 sky beasts
  5 black bears
  A dream sheep zombie (Crypt:2)
  16 ogres
  6 phantoms
  A swamp drake (shapeshifter) (Vaults:1)
  A necrophage (Crypt:3)
  An ettin simulacrum (Crypt:1)
  5 wolves
  15 crocodiles
  14 centaurs
  An orc skeleton (Vaults:1)
  A lindwurm skeleton (Crypt:3)
  The ghost of dscm the Chopper, an amateur GrGl (D:4)
  6 big kobolds
  A big kobold (shapeshifter) (D:13)
  3 wyvern zombies
  14 bullfrogs
  A gnoll sergeant (D:8)
  2 wyvern skeletons
  Dowan (D:6)
  6 scorpions
  A warg skeleton (Crypt:2)
  4 wights
  A human simulacrum (Vaults:1)
  9 killer bees
  A polar bear skeleton (Crypt:3)
  A howler monkey (D:4)
  2 electric eels (Lair:6)
  5 bullfrog zombies
  6 crimson imps
  2 bullfrog skeletons (D:11)
  8 hounds
  5 quasits
  22 orc priests
  8 centaur skeletons
  5 iron imps (D:13)
  Natasha (thrice) (D:2)
  Terence (D:2)
  A demonspawn skeleton (Crypt:3)
  An iguana (D:5)
  7 worker ants
  27 orc wizards
  A sky beast zombie (Crypt:1)
  A big kobold zombie (Crypt:3)
  A naga skeleton (Crypt:3)
  A felid skeleton (Crypt:1)
  A hound skeleton (D:6)
  24 mummies
  A worker ant zombie (D:8)
  12 gnolls
  16 adders
  8 river rats (D:10)
  6 shadow imps
  A lava snake skeleton (Crypt:1)
  14 worms
  2 dart slugs
  5 leopard geckos
  110 orcs
  9 bats
  A bat skeleton (Crypt:1)
  9 giant cockroaches
  9 goblins
  11 hobgoblins
  16 jackals
  7 quokkas
  A ball python zombie (Crypt:3)
  7 frilled lizards
  A goblin skeleton (Crypt:1)
  A hobgoblin zombie (Crypt:2)
  34 kobolds
  A kobold zombie (Crypt:1)
  A leopard gecko skeleton (D:4)
  2 leopard gecko zombies
  3 quokka skeletons
  29 rats
  3 plants
  A starspawn tentacle (Abyss:2)
  A tentacle (Shoals:4)
1668 creatures vanquished.

Vanquished Creatures (collateral kills)
  2 sphinxes
  A stone giant (Vaults:2)
  2 dire elephants (Lair:6)
  An ogre mage (D:15)
  A skeletal warrior (Vaults:2)
  A black mamba (Lair:6)
  A smoke demon (Abyss:3)
  A dire elephant skeleton (Tomb:1)
  A guardian mummy (Tomb:1)
  A shadow (D:13)
  5 orc warriors (Orc:2)
  2 centaurs (Orc:2)
  A killer bee (D:13)
  3 orc priests (Orc:2)
  A mummy (Tomb:1)
  4 orcs (Orc:2)
28 creatures vanquished.

Vanquished Creatures (others)
  Jorgrun (Shoals:3)
  An ancient champion (Tomb:2)
  A sphinx (Tomb:1)
  A bennu (Tomb:1)
  2 merfolk javelineers
  A yaktaur captain (Vaults:2)
  2 death scarabs (Tomb:2)
  A deep elf archer (Vaults:1)
  A golden dragon skeleton (Tomb:1)
  A deep elf mage (Abyss:3)
  2 cyclopes
  2 fauns
  A yaktaur (Vaults:1)
  A merfolk (Shoals:4)
  6 flying skulls (Tomb:1)
  A vampire (Crypt:3)
  A warg (Vaults:1)
  A centaur (D:15)
  A jelly (D:8)
  A human zombie (Tomb:2)
  4 mummies
  4 orcs
  5 demonic plants (Abyss:3)
  6 fungi
  12 plants
  8 starspawn tentacles
  10 tentacles
78 creatures vanquished.

Grand Total: 1774 creatures vanquished

Notes
Turn   | Place    | Note
-------+----------+-------------------------------------------
     0 | D:1      | Ijustatesigmund the Gargoyle Berserker began the quest for the Orb.
     0 | D:1      | Reached XP level 1. HP: 14/14 MP: 1/1
   285 | D:1      | Reached XP level 2. HP: 19/19 MP: 2/2
   634 | D:1      | Reached XP level 3. HP: 24/24 MP: 3/3
   972 | D:2      | Reached ** piety under Trog
  1010 | D:2      | Reached skill level 4 in Fighting
  1183 | D:2      | Noticed Natasha
  1188 | D:2      | Killed Natasha
  1188 | D:2      | Reached XP level 4. HP: 26/29 MP: 4/4
  1212 | D:2      | Noticed Terence
  1234 | D:2      | Killed Terence
  1648 | D:2      | Noticed Natasha
  1659 | D:2      | Killed Natasha
  1659 | D:2      | Reached XP level 5. HP: 26/34 MP: 5/5
  1788 | D:2      | Noticed Natasha
  1803 | D:2      | Killed Natasha
  1803 | D:2      | Reached skill level 5 in Maces & Flails
  2007 | D:3      | Found an opulent altar of Gozag.
  2041 | D:3      | Found a white marble altar of Elyvilon.
  2077 | D:3      | Reached *** piety under Trog
  2172 | D:3      | Found a shimmering altar of Xom.
  2516 | D:3      | Reached XP level 6. HP: 40/40 MP: 6/6
  2738 | D:3      | Noticed Grinder
  2740 | D:3      | Paralysed by Grinder for 5 turns
  2752 | D:3      | Killed Grinder
  2752 | D:3      | Reached skill level 5 in Fighting
  2862 | D:3      | Reached XP level 7. HP: 42/44 MP: 7/7
  2872 | D:3      | Gained mutation: You are clumsy. (Dex -2) [potion of mutation]
  2872 | D:3      | Gained mutation: Your large and strong wings let you fly indefinitely. [potion of mutation]
  2872 | D:3      | Gained mutation: You are covered in fur. (AC +1) [potion of mutation]
  3295 | D:4      | Noticed dscm's ghost (amateur GrGl)
  3308 | D:4      | Killed dscm's ghost
  3435 | D:4      | Reached **** piety under Trog
  3509 | D:4      | Received a gift from Trog
  3814 | D:4      | Found a basalt altar of Yredelemnul.
  3838 | D:4      | Noticed Eustachio
  3923 | D:4      | Killed Eustachio
  3923 | D:4      | Reached skill level 6 in Fighting
  4001 | D:4      | Reached XP level 8. HP: 51/51 MP: 8/8
  4289 | D:4      | Found a snail-covered altar of Cheibriados.
  4346 | D:4      | Found a radiant altar of Vehumet.
  4404 | D:5      | Entered Level 5 of the Dungeon
  4775 | D:5      | Reached skill level 7 in Fighting
  5701 | D:6      | Noticed Dowan
  5711 | D:6      | Killed Dowan
  5729 | D:6      | Noticed Duvessa
  5745 | D:6      | Killed Duvessa
  5745 | D:6      | Reached XP level 9. HP: 54/59 MP: 9/9
  5963 | D:7      | Reached skill level 10 in Maces & Flails
  6231 | D:7      | Reached ***** piety under Trog
  6243 | D:7      | Reached skill level 8 in Fighting
  6246 | D:7      | Found a staircase to the Ecumenical Temple.
  7384 | D:8      | Noticed skittles's ghost (novice DrFE)
  7414 | D:8      | Killed skittles's ghost
  7414 | D:8      | Reached skill level 9 in Fighting
  7414 | D:8      | Reached XP level 10. HP: 51/66 MP: 10/10
  7569 | D:8      | Noticed Maurice
  7597 | D:8      | Killed Maurice
  7926 | D:8      | Reached skill level 10 in Fighting
  7988 | D:8      | Found an iron altar of Okawaru.
  8315 | D:8      | Reached skill level 11 in Fighting
  8758 | D:9      | Reached skill level 12 in Fighting
  8762 | D:9      | Reached skill level 13 in Fighting
  8895 | D:9      | Found a staircase to the Lair.
  8909 | D:9      | Reached skill level 14 in Fighting
  8931 | D:9      | Reached XP level 11. HP: 80/80 MP: 0/11
  8961 | D:9      | Received a gift from Trog
  8970 | D:9      | Reached skill level 15 in Fighting
  9349 | D:9      | Found Fyisk's Food Shop.
  9711 | D:9      | Noticed Dominolapin's ghost (novice BaAr)
  9750 | D:9      | Killed Dominolapin's ghost
  9750 | D:9      | Reached skill level 16 in Fighting
  9910 | D:10     | Entered Level 10 of the Dungeon
 10008 | D:10     | Found a glowing golden altar of the Shining One.
 10008 | D:10     | Noticed a two-headed ogre
 10018 | D:10     | Killed a two-headed ogre
 10228 | D:10     | Reached skill level 17 in Fighting
 10770 | D:10     | Noticed a two-headed ogre
 10777 | D:10     | Killed a two-headed ogre
 11059 | D:11     | Noticed a cyclops
 11070 | D:11     | Killed a cyclops
 11070 | D:11     | Reached skill level 5 in Armour
 11119 | D:11     | Found a sacrificial altar of Ru.
 11249 | D:11     | Reached XP level 12. HP: 58/92 MP: 12/12
 11405 | D:11     | Received a gift from Trog
 13053 | D:12     | Found a white marble altar of Elyvilon.
 13234 | D:12     | Found a staircase to the Orcish Mines.
 13328 | D:11     | Received a gift from Trog
 13424 | Lair:1   | Entered Level 1 of the Lair of Beasts
 13640 | Lair:1   | Noticed an eight-headed hydra
 13648 | Lair:1   | Killed an eight-headed hydra
 13810 | Lair:1   | Reached XP level 13. HP: 59/96 MP: 4/13
 14171 | Lair:1   | Reached skill level 10 in Armour
 15683 | Lair:2   | Found a hole to the Spider Nest.
 15930 | Lair:2   | Found a staircase to the Shoals.
 16135 | Lair:3   | Noticed Rupert
 16399 | Lair:4   | Reached skill level 1 in Shields
 17097 | Lair:5   | Found a viscous altar of Jiyva.
 17097 | Lair:5   | Found a staircase to the Slime Pits.
 17109 | Lair:5   | Identified a scroll of acquirement
 17112 | Lair:5   | Got an ichor-stained helmet
 17123 | Lair:5   | Identified the +1 helmet "Papydgh" {rF+++ Dex-4 Slay-3 SInv} (You acquired it on level 5 of the Lair of Beasts)
 17162 | Lair:5   | Reached ****** piety under Trog
 17162 | Lair:5   | Reached skill level 5 in Shields
 18141 | Lair:6   | Entered Level 6 of the Lair of Beasts
 18289 | Lair:6   | Got a pair of brightly glowing gloves
 18295 | Lair:6   | Identified the +1 pair of gloves of Insurance {Int+4} (You found it on level 6 of the Lair of Beasts)
 18447 | Lair:6   | Mutation became permanent: Your large and strong wings let you fly indefinitely. [Gargoyle growth]
 18447 | Lair:6   | Gained mutation: Your large and strong wings let you fly indefinitely. [Gargoyle growth]
 18447 | Lair:6   | Reached XP level 14. HP: 92/103 MP: 14/14
 18755 | Lair:6   | Reached skill level 18 in Fighting
 19672 | Lair:6   | Noticed a dire elephant
 19672 | Lair:6   | Noticed a dire elephant
 19701 | Lair:6   | Killed a dire elephant
 19701 | Lair:6   | Received a gift from Trog
 19703 | Lair:6   | Killed a dire elephant
 19871 | Lair:6   | Got a steaming scarf
 19882 | Lair:6   | Identified the scarf "Kohimuateng" {rElec Str+4 SInv Stlth+} (You found it on level 6 of the Lair of Beasts)
 20272 | D:13     | Reached skill level 15 in Maces & Flails
 20301 | D:13     | Noticed a tengu reaver
 20301 | D:13     | Noticed a sphinx
 20303 | D:13     | Found a runed door.
 20303 | D:13     | Found a runed door.
 20303 | D:13     | Found a runed door.
 20312 | D:13     | Noticed a brown very ugly thing
 20330 | D:13     | Killed a brown very ugly thing
 21186 | D:13     | Noticed an emperor scorpion
 21198 | D:13     | Noticed an azure jelly
 21198 | D:13     | an emperor scorpion changed into an azure jelly
 21211 | D:13     | an azure jelly changed into a death yak
 21273 | D:13     | Killed a tengu reaver
 21488 | D:13     | Found an ancient bone altar of Kikubaaqudgha.
 21623 | D:13     | Paralysed by a sphinx for 6 turns
 21638 | D:13     | Killed a sphinx
 21824 | D:13     | Noticed Frances
 21828 | D:13     | Reached skill level 19 in Fighting
 21981 | D:14     | Received a gift from Trog
 21993 | D:14     | Reached skill level 5 in Dodging
 21993 | D:14     | Reached XP level 15. HP: 111/111 MP: 15/15
 22311 | D:14     | Found a gate to the Vaults.
 22810 | D:14     | Got a distressingly furry hat
 22821 | D:14     | Identified the +2 hat of Feyptik {rN+ Int-5 Dex+2} (You found it on level 14 of the Dungeon)
 22929 | D:14     | Found a glowing silver altar of Zin.
 23154 | D:15     | Entered Level 15 of the Dungeon
 23271 | D:15     | Found a staircase to the Depths.
 23358 | D:15     | Found a white marble altar of Elyvilon.
 23369 | D:15     | Received a gift from Trog
 24092 | Orc:1    | Entered Level 1 of the Orcish Mines
 24533 | Orc:2    | Entered Level 2 of the Orcish Mines
 24758 | Orc:2    | Noticed Saint Roka
 24901 | Orc:2    | Received a gift from Trog
 24940 | Orc:2    | Found Rolit's Book Shoppe.
 24940 | Orc:2    | Found Nemm's Distillery.
 24940 | Orc:2    | Found Dito's Magic Scroll Shop.
 24970 | Orc:2    | Reached skill level 20 in Fighting
 24993 | Orc:2    | Found a staircase to the Elven Halls.
 25213 | Orc:2    | Found a roughly hewn altar of Beogh.
 25255 | Orc:2    | Killed Saint Roka
 25255 | Orc:2    | Reached XP level 16. HP: 118/118 MP: 16/16
 25360 | Orc:2    | Found Comets's Food Emporium.
 25473 | Orc:2    | Found a flickering gateway to a bazaar.
 25494 | Bazaar   | Entered a bazaar
 25508 | Bazaar   | Found Boyshreadip's Antique Weapon Emporium.
 25519 | Bazaar   | Found Zezyo's Antique Weapon Shoppe.
 25535 | Bazaar   | Found Oruvion's Antique Armour Emporium.
 25546 | Bazaar   | Found Iceshoyseez's Antique Armour Shoppe.
 25571 | Bazaar   | Bought a chain mail for 94 gold pieces
 25571 | Bazaar   | Bought a shimmering scale mail for 189 gold pieces
 25571 | Bazaar   | Bought a runed buckler for 157 gold pieces
 25594 | Bazaar   | Identified the +1 scale mail of Himaxki {Str+3 Int+4} (You bought it in a shop in a bazaar)
 25608 | Bazaar   | Bought an ivory mace for 280 gold pieces
 25612 | Bazaar   | Identified the +3 mace of Agony {flame, rElec MR+ SInv} (You bought it in a shop in a bazaar)
 25647 | Bazaar   | Bought a runed chain mail for 247 gold pieces
 25884 | Orc:2    | Upgraded the game from 0.20.0-14-g326068f to 0.20.0-15-g7f486f2
 25907 | Orc:2    | Bought a potion of might for 48 gold pieces
 25907 | Orc:2    | Bought a potion of curing for 36 gold pieces
 25909 | Orc:2    | Bought a scroll of blinking for 127 gold pieces
 25909 | Orc:2    | Bought a scroll of enchant weapon for 127 gold pieces
 25909 | Orc:2    | Bought a scroll of enchant armour for 127 gold pieces
 25909 | Orc:2    | Bought a scroll of identify for 34 gold pieces
 25909 | Orc:2    | Bought a scroll of teleportation for 51 gold pieces
 25909 | Orc:2    | Bought a scroll of teleportation for 51 gold pieces
 25909 | Orc:2    | Bought a scroll of enchant armour for 127 gold pieces
 26186 | Shoals:1 | Entered Level 1 of the Shoals
 26672 | Shoals:1 | Received a gift from Trog
 27673 | Shoals:1 | Noticed a kraken
 27693 | Shoals:1 | Killed a kraken
 27939 | Shoals:2 | Noticed Roxanne
 27975 | Shoals:2 | Killed Roxanne
 28295 | Shoals:2 | Reached skill level 21 in Fighting
 28300 | Shoals:2 | Found Tyup's Weapon Shop.
 28531 | Shoals:2 | Received a gift from Trog
 28552 | Shoals:2 | Identified the ring "Waebokh" {Fire +Fly rElec Int-5} (You acquired it on level 2 of the Shoals)
 29100 | Shoals:3 | Noticed Louise
 29100 | Shoals:3 | Noticed Donald
 29114 | Shoals:2 | Cast into level 3 of the Abyss (Louise)
 29114 | Abyss:3  | Found a transporter.
 29194 | Abyss:3  | Noticed a bone dragon
 29227 | Abyss:3  | Killed a bone dragon
 29326 | Abyss:3  | Paralysed by accursed screaming for 2 turns
 29336 | Abyss:3  | Paralysed by accursed screaming for 2 turns
 29566 | Abyss:3  | Noticed a bone dragon
 29628 | Abyss:3  | Paralysed by accursed screaming for 1 turns
 29634 | Abyss:3  | Paralysed by accursed screaming for 1 turns
 29666 | Abyss:3  | Noticed a tentacled starspawn
 29667 | Abyss:3  | Noticed a daeva
 29914 | Abyss:3  | Reached XP level 17. HP: 128/128 MP: 17/17
 29971 | Abyss:3  | Reached skill level 22 in Fighting
 29975 | Shoals:2 | Escaped the Abyss
 30226 | Shoals:2 | Cast into level 2 of the Abyss (Louise)
 30226 | Abyss:2  | Found a corrupted altar of Lugonu.
 30265 | Abyss:2  | Found a corrupted altar of Lugonu.
 30355 | Abyss:2  | Noticed a tentacled starspawn
 30367 | Abyss:2  | Killed a tentacled starspawn
 30386 | Abyss:2  | Noticed a tentacled starspawn
 30405 | Abyss:2  | Killed a tentacled starspawn
 30409 | Abyss:2  | Found an iron altar of Okawaru.
 30433 | Abyss:2  | Noticed a bone dragon
 30462 | Abyss:2  | Killed a bone dragon
 30532 | Abyss:2  | Paralysed by a great orb of eyes for 2 turns
 30669 | Abyss:2  | Reached skill level 10 in Shields
 30711 | Abyss:2  | Reached skill level 1 in Throwing
 30714 | Shoals:2 | Escaped the Abyss
 30743 | Shoals:2 | Killed Louise
 30810 | Shoals:3 | Killed Donald
 30880 | Shoals:3 | Found Kyq Zeutt's Weapon Emporium.
 30885 | Shoals:3 | Noticed Kirke
 31333 | Shoals:3 | Killed Kirke
 31734 | Shoals:3 | Noticed Jorgrun
 31750 | Shoals:3 | Killed Jorgrun
 32387 | Shoals:4 | Entered Level 4 of the Shoals
 32566 | Shoals:4 | Noticed Ilsuiw
 32598 | Shoals:4 | Reached XP level 18. HP: 111/134 MP: 18/18
 32617 | Shoals:4 | Killed Ilsuiw
 32782 | Shoals:4 | Reached skill level 1 in Evocations
 32938 | Shoals:4 | Got a barnacled rune of Zot
 33008 | Shoals:4 | Noticed Polyphemus
 33047 | Shoals:4 | Killed Polyphemus
 33498 | Shoals:4 | Got a pair of bloodstained boots
 33504 | Shoals:4 | Identified the cursed -3 pair of boots of Fashionability {+Inv Str-2 Int-2 Dex+6} (You found it on level 4 of the Shoals)
 33706 | Shoals:4 | Reached skill level 5 in Evocations
 34195 | Shoals:4 | Received a gift from Trog
 34762 | Spider:1 | Entered Level 1 of the Spider Nest
 35626 | Spider:1 | Received a gift from Trog
 36008 | Spider:2 | Received a gift from Trog
 36618 | Spider:2 | Reached XP level 19. HP: 139/139 MP: 25/25
 37264 | Spider:4 | Entered Level 4 of the Spider Nest
 37533 | Spider:3 | Received a gift from Trog
 38576 | Spider:4 | Noticed Aizul
 38597 | Spider:4 | Killed Aizul
 38894 | Spider:4 | Received a gift from Trog
 38973 | Spider:4 | Reached skill level 15 in Armour
 39666 | Spider:4 | Got a gossamer rune of Zot
 39915 | Spider:4 | Received a gift from Trog
 40224 | Spider:4 | Noticed Arachne
 40257 | Spider:4 | Killed Arachne
 40604 | Vaults:1 | Entered Level 1 of the Vaults
 40737 | Vaults:1 | Reached XP level 20. HP: 133/145 MP: 26/26
 41244 | Vaults:1 | HP: 3/145 [yaktaur/bolt[a vault warden] (10)]
 41874 | Vaults:1 | Received a gift from Trog
 43144 | Vaults:2 | Received a gift from Trog
 43544 | Vaults:2 | Found Jagrua Leth's Weapon Shoppe.
 43745 | Vaults:2 | Paralysed by a vampire knight for 3 turns
 43804 | Vaults:2 | Found a staircase to the Crypt.
 43839 | Crypt:1  | Entered Level 1 of the Crypt
 44489 | Crypt:1  | Reached skill level 23 in Fighting
 45147 | Crypt:1  | Received a gift from Trog
 45147 | Crypt:1  | Reached XP level 21. HP: 51/153 MP: 27/27
 46056 | Crypt:3  | Entered Level 3 of the Crypt
 46572 | Crypt:3  | Paralysed by something for 4 turns
 46752 | Crypt:3  | Received a gift from Trog
 47109 | Crypt:3  | Found a basalt altar of Yredelemnul.
 47109 | Crypt:3  | Noticed a bone dragon
 47123 | Crypt:3  | Noticed a bone dragon
 47128 | Crypt:3  | Killed a bone dragon
 47148 | Crypt:3  | Killed a bone dragon
 47155 | Crypt:3  | Found an ancient bone altar of Kikubaaqudgha.
 47282 | Crypt:3  | Got dazzling storm dragon scales
 47288 | Crypt:3  | Identified the cursed +0 storm dragon scales of Paazofue {+Blink rElec rC+ Int+2} (You found it on level 3 of the Crypt)
 47464 | Crypt:2  | Reached skill level 24 in Fighting
 48172 | Crypt:3  | Received a gift from Trog
 48446 | Crypt:3  | Paralysed by something for 7 turns
 48506 | Crypt:3  | Reached XP level 22. HP: 149/162 MP: 28/28
 48517 | Crypt:3  | Found a staircase to the Tomb.
 48691 | Tomb:1   | Entered Level 1 of the Tomb of the Ancients
 48841 | Tomb:1   | Paralysed by a sphinx for 3 turns
 49210 | Tomb:1   | Noticed a greater mummy
 49236 | Tomb:1   | Killed a greater mummy
 49404 | Tomb:1   | Noticed a greater mummy
 49451 | Tomb:1   | Killed a greater mummy
 49756 | Tomb:1   | Received a gift from Trog
 50359 | Tomb:2   | Noticed a greater mummy
 50360 | Tomb:2   | Noticed a greater mummy
 50360 | Tomb:2   | Noticed a greater mummy
 50360 | Tomb:2   | Noticed a greater mummy
 50360 | Tomb:2   | Noticed a greater mummy
 50363 | Tomb:2   | Noticed Mennas
 50392 | Tomb:2   | Killed a greater mummy
 50468 | Tomb:2   | HP: 5/163 [revenant (12)]
 50469 | Tomb:2   | Mangled by an ancient champion

Skill      XL: |  1  2  3  4  5  6  7  8  9 10 11 12 13 14 15 16 17 18 19 20 21 22 |
---------------+-------------------------------------------------------------------+-----
Fighting       | 4 5 6 7 9 14 17 19 20 21 22 23 24 | 24.8
Maces & Flails | 4 5 6 7 9 11 12 13 14 15 16 17 18 19 | 19.6
Armour         | 5 9 10 11 12 17 | 17.5
Dodging        | 4 5 8 9 |  9.4
Shields        | 7 13 14 | 14.3
Throwing       | 3 |  3.5
Evocations     | 8 |  8.0

Action                   |  1- 3 |  4- 6 |  7- 9 | 10-12 | 13-15 | 16-18 | 19-21 | 22-24 || total
-------------------------+-------+-------+-------+-------+-------+-------+-------+-------++-------
Melee: Mace              |   116 |   214 |    38 |       |       |       |       |       ||   368
       Flail             |       |       |   504 |   694 |       |       |       |       ||  1198
       Morningstar       |       |       |       |   254 |  1667 |   944 |   357 |   338 ||  3560
       Great mace        |       |       |       |    64 |    15 |       |       |       ||    79
       Eveningstar       |       |       |       |       |       |  1285 |  2243 |       ||  3528
Throw: Javelin           |       |       |     9 |    15 |    12 |    12 |       |     1 ||    49
Invok: Berserk           |       |     2 |     7 |    11 |     8 |     3 |     2 |     3 ||    36
       Burn Spellbooks   |       |     1 |       |       |     1 |     3 |     7 |     2 ||    14
       Trog's Hand       |       |       |     3 |     5 |    14 |    17 |     8 |     7 ||    54
       Brothers in Arms  |       |       |       |       |     5 |     2 |     1 |     5 ||    13
 Abil: Fly               |       |       |       |       |     4 |     1 |       |       ||     5
       Stop Flying       |       |       |       |       |     3 |     1 |     1 |       ||     5
Evoke: Wand              |       |       |       |     2 |     1 |     4 |     3 |     2 ||    12
       Lamp of fire      |       |       |       |       |       |     1 |       |       ||     1
  Use: Scroll            |     3 |     1 |    12 |    13 |    15 |    28 |    10 |     6 ||    88
       Potion            |       |       |     5 |     1 |     3 |     7 |     4 |     8 ||    28
 Stab: Confused          |       |       |     2 |       |       |       |       |       ||     2
       Invisible         |       |       |       |       |     1 |     1 |       |       ||     2
       Petrifying        |       |       |       |       |       |     2 |       |       ||     2
       Distracted        |       |       |       |       |       |     2 |     1 |     1 ||     4
       Petrified         |       |       |       |       |       |     2 |       |       ||     2
  Eat: Chunk             |     1 |     5 |    16 |    24 |    36 |     6 |    21 |       ||   109
       Fruit             |       |     1 |     1 |       |     4 |     2 |       |       ||     8
       Royal jelly       |       |     1 |     2 |     3 |     3 |     3 |     3 |       ||    15
       Meat ration       |       |       |       |     1 |       |     5 |     1 |     2 ||     9
       Bread ration      |       |       |       |       |     2 |     3 |     3 |     2 ||    10
Armor: Animal skin       |     4 |       |       |       |       |       |       |       ||     4
       Ring mail         |    66 |    97 |   266 |   577 |   717 |    10 |       |       ||  1733
       Chain mail        |       |       |       |       |       |  1247 |  1313 |   208 ||  2768
Dodge: Dodged            |   108 |   137 |   327 |   461 |   779 |   901 |   822 |   127 ||  3662
Block: Other             |       |       |       |     2 |    12 |     1 |       |       ||    15
       Buckler           |       |       |       |       |   686 |   611 |       |       ||  1297
       Reflection        |       |       |       |       |    35 |   101 |    36 |     4 ||   176
       Shield            |       |       |       |       |       |  1242 |  2368 |   356 ||  3966
